 Dungeon Crawl Stone Soup version 0.19.1 (webtiles) character file.

123 StormySan the Slasher (level 4, 0/33 HPs)
             Began as a High Elf Fighter on Dec 25, 2016.
             Slain by psellion's ghost (12 damage)
             ... on level 3 of the Dungeon.
             The game lasted 00:06:25 (2371 turns).

StormySan the Slasher (High Elf Fighter)            Turns: 2371, Time: 00:06:26

Health: 0/33       AC:  8    Str: 16    XL:     4   Next: 80%
Magic:  5/5        EV:  6    Int: 12    God:
Gold:   75         SH:  9    Dex: 14    Spells: 0 memorised, 3 levels left

rFire  . . .     SeeInvis .     a - +0 long sword
rCold  . . .     Gourm    .     b - +0 scale mail
rNeg   . . .     Faith    .     c - +0 shield
rPois  .         Spirit   .     (no helmet)
rElec  .         Reflect  .     v - +0 cloak
rCorr  .         Harm     .     (no gloves)
MR     .....                    (no boots)
Stlth  ..........               (no amulet)
                                (no ring)
                                (no ring)

@: no status effects
A: no striking features
a: no special abilities


You were on level 3 of the Dungeon.
You were not hungry.

You visited 1 branch of the dungeon, and saw 3 of its levels.

You collected 75 gold pieces.

Inventory:

Hand Weapons
 a - a +0 long sword (weapon)
Armour
 b - a +0 scale mail (worn)
 c - a +0 shield (worn)
 v - a +0 cloak (worn)
Jewellery
 e - a +3 ring of dexterity {unknown}
 r - an uncursed ring of flight {unknown}
Scrolls
 g - a scroll of remove curse {unknown}
 h - a scroll of random uselessness {unknown}
 j - a scroll of enchant armour {unknown}
 k - 2 scrolls of identify {unknown}
 q - 2 scrolls of noise {unknown}
 s - a scroll of enchant weapon {unknown}
Potions
 d - a potion of might
 l - a potion of resistance {unknown}
 m - a potion of berserk rage {unknown}
 n - 2 potions of curing {unknown}
 o - a potion of flight {unknown}
 p - a potion of cancellation {unknown}
 t - 2 potions of lignification {unknown}
Comestibles
 f - a bread ration
 i - 3 meat rations
 u - 2 chunks of flesh


   Skills:
 + Level 3.8 Fighting
 * Level 4.2 Long Blades
 + Level 3.2 Armour
 + Level 3.2 Shields


You had 3 spell levels left.
You didn't know any spells.

Dungeon Overview and Level Annotations

Branches:
Dungeon (3/15)

Altars:
Gozag
Kikubaaqudgha
Xom

Annotations:
D:3 psellion's ghost, weakling MiFi


Message History

You hit psellion's ghost.
Psellion's ghost is lightly damaged.
You block psellion's ghost's attack.
You hit psellion's ghost but do no damage.
Psellion's ghost is lightly damaged.
You block psellion's ghost's attack.
You barely miss psellion's ghost.
Psellion's ghost is lightly damaged.
Psellion's ghost hits you! Psellion's ghost hits you.
You hit psellion's ghost.
Psellion's ghost is moderately damaged.
Psellion's ghost whispers, "The ORB doesn't exist."
Psellion's ghost barely misses you.
You hit psellion's ghost.
Psellion's ghost is moderately damaged.
Psellion's ghost hits you!
You hit psellion's ghost.
Psellion's ghost is heavily damaged.
Psellion's ghost hits you!
You die...

#..# ..#.##..##........#
#.#.##..##.#...####
#.#.##..##.....# #
..####.#.##..##.....# #
#......#.##..##.....####
#...##..##.#.......
######...###.##.#.......
...........#.##.#.......
....$..@...#.##.#.......
.).....W...#..#.##......
#..........#..#.##......
#..........#..#.##......
#..........#..#.##......
##########.#............
.#.#..........
.#...........†
###..........


You could see psellion's ghost.

Vanquished Creatures
  Crazy Yiuf (D:2)
  3 adders (D:2)
  An ooze (D:1)
  A worm (D:2)
  2 dart slugs
  3 leopard geckos
  An orc (D:3)
  8 bats
  A giant cockroach (D:1)
  4 goblins
  12 hobgoblins
  5 frilled lizards
  8 kobolds
  4 rats
54 creatures vanquished.

Notes
Turn   | Place    | Note
-------+----------+-------------------------------------------
     0 | D:1      | StormySan the High Elf Fighter began the quest for the Orb.
     0 | D:1      | Reached XP level 1. HP: 16/16 MP: 2/2
   329 | D:1      | Reached XP level 2. HP: 19/21 MP: 3/3
   400 | D:1      | Reached skill level 3 in Long Blades
   781 | D:2      | Reached XP level 3. HP: 26/26 MP: 4/4
  1327 | D:2      | Reached XP level 4. HP: 30/31 MP: 5/5
  1424 | D:2      | Found a runed door.
  1634 | D:2      | Found an ancient bone altar of Kikubaaqudgha.
  1634 | D:2      | Found an opulent altar of Gozag.
  1634 | D:2      | Found a shimmering altar of Xom.
  2004 | D:2      | Noticed Crazy Yiuf
  2011 | D:2      | Killed Crazy Yiuf
  2115 | D:3      | Reached skill level 4 in Long Blades
  2362 | D:3      | Noticed psellion's ghost (weakling MiFi)
  2371 | D:3      | Slain by psellion's ghost

Skill      XL: |  1  2  3  4 |
---------------+-------------+-----
Long Blades    | 3 4 |  4.2
Armour         | 3 |  3.2
Shields        | 3 |  3.2
Fighting       | |  3.8

Action                   |  1- 3 |  4- 6 || total
-------------------------+-------+-------++-------
Melee: Long sword        |   123 |    82 ||   205
  Eat: Chunk             |     2 |     3 ||     5
Armor: Scale mail        |    62 |    38 ||   100
Dodge: Dodged            |    35 |    13 ||    48
Block: Shield            |    49 |    40 ||    89
       Rpst.: Long sword |    15 |     7 ||    22
